 Dungeon Crawl Stone Soup version 0.28-a0-1199-gef9e1dbd39 (webtiles) character file.

Game seed: 868142500172129941

1426 Turgor the Digger (level 8, -12/60 HPs)
             Began as a Demonspawn Wanderer on Dec 19, 2021.
             Was an Initiate of Gozag.
             Mangled by a boulder beetle (33 damage)
             ... on level 6 of the Dungeon on Dec 20, 2021.
             The game lasted 00:45:52 (6382 turns).

Turgor the Digger (Demonspawn Wanderer)             Turns: 6382, Time: 00:45:53

Health: -12/60     AC: 10    Str: 12    XL:     8   Next: 44%
Magic:  14/14      EV: 11    Int: 24    God:    Gozag
Gold:   195        SH:  0    Dex: 11    Spells: 11/15 levels left

rFire   . . .      SeeInvis .   a - +0 dagger
rCold   . . .      Faith    .   (no shield)
rNeg    . . .      Spirit   .   j - +0 steam dragon scales
rPois   +          Reflect  .   (helmet restricted)
rElec   .          Harm     .   x - +0 cloak
rCorr   .          Rampage  .   k - +0 pair of gloves
Will    .....                   y - +2 pair of boots
Stlth   +.........              (no amulet)
HPRegen 0.20/turn               f - +6 ring of intelligence
MPRegen 0.28/turn               m - ring of poison resistance

@: no status effects
A: claws 1, horns 1, magic regeneration, weakness stinger 2
a: Renounce Religion, Potion Petition, Call Merchant, Bribe Branch


You were on level 6 of the Dungeon.
You worshipped Gozag.
Gozag was aware of your devotion.
You visited 2 branches of the dungeon, and saw 7 of its levels.

You collected 257 gold pieces.
You paid 62 gold pieces to Gozag.

Inventory:

Hand Weapons
 a - a +0 dagger (weapon)
 e - a +4 dagger of electrocution
 i - a +0 broad axe
 w - a +4 quarterstaff of chaos
Missiles
 b - 3 boomerangs
 c - 49 stones
 h - 37 poisoned darts (quivered)
 E - a curare-tipped dart
Armour
 j - +0 steam dragon scales (worn)
 k - a +0 pair of gloves (worn)
 x - a +0 cloak (worn)
 y - a +2 pair of boots (worn)
 B - a +2 leather armour of cold resistance
Jewellery
 f - a +6 ring of intelligence (left hand)
 l - a ring of wizardry
 m - a ring of poison resistance (right hand)
Wands
 d - a wand of flame (10)
Scrolls
 n - a scroll of silence {unknown}
 o - a scroll of vulnerability {unknown}
 p - a scroll of magic mapping {unknown}
 q - 2 scrolls of fear {unknown}
 s - a scroll of teleportation {unknown}
 t - a scroll of enchant weapon {unknown}
 A - a scroll of blinking {unknown}
 C - a scroll of amnesia {unknown}
 F - a scroll of holy word {unknown}
Potions
 g - a potion of magic {unknown}
 r - a potion of attraction {unknown}
 u - a potion of lignification {unknown}
 v - a potion of mutation {unknown}
 z - a potion of resistance {unknown}
 D - a potion of heal wounds {unknown}


   Skills:
 + Level 3.9 Fighting
 - Level 1.7 Throwing
 - Level 1.7 Armour
 + Level 4.2 Unarmed Combat
 + Level 4.1 Spellcasting
 * Level 4.1 Conjurations
 * Level 5.3 Earth Magic
 - Level 2.0 Poison Magic


You had 11 spell levels left.
You knew the following spells:

 Your Spells              Type           Power      Damage    Failure   Level
a - Sandblast             Erth           60%        2d14      1%          1
b - Stone Arrow           Conj/Erth      54%        3d10      4%          3

Your spell library contained the following spells:

 Spells                   Type           Power      Damage    Failure   Level
 Shock                    Conj/Air       56%        1d6       4%          1
 Sting                    Tmut/Pois      36%        1d4       6%          1
 Slow                     Hex            16%        N/A       10%         1
 Spider Form              Tmut/Pois      9%         N/A       19%         3
 Confusing Touch          Hex            4%         N/A       28%         3
 Swiftness                Air            4%         N/A       28%         3
 Olgreb's Toxic Radiance  Pois           14%        N/A       38%         4
 Airstrike                Air            2%         N/A       67%         4
 Yara's Violent Unravell  Hex/Tmut       2%         3d3       95%         5


Dungeon Overview and Level Annotations

Branches:
Dungeon (6/15)             Temple (1/1) D:6

Altars:
Ashenzari
Cheibriados
Dithmenos
Elyvilon
Fedhas
Gozag
Hepliaklqana
Kikubaaqudgha
Makhleb
Nemelex Xobeh
Okawaru
Qazlal
Ru
Sif Muna
Trog
Uskayaw
Vehumet
Wu Jian
Xom
Yredelemnul
Zin
The Shining One


Innate Abilities, Weirdness & Mutations

You have sharp fingernails.
You have a pair of small horns on your head.
You regenerate magic rapidly.
You have a tail ending in a sharp stinger.


Message History

Things that are here:
a +0 rapier; a +2 leather armour of cold resistance
B - a +2 leather armour of cold resistance You start resting.
Magic restored.
Found an escape hatch in the ceiling.
Found a scroll labelled LYLINU HYNU.
h - 34 poisoned darts (gained 1)
h - 35 poisoned darts (gained 1)
h - 37 poisoned darts (gained 2);
E - a curare-tipped dart
Found a flail.
F - a scroll labelled LYLINU HYNU HP restored.
Found a stone staircase leading down.
A boulder beetle and a scorpion come into view.
Found an escape hatch in the ceiling.
Okay, then.
The boulder beetle leaps!
The boulder beetle leaps!
The boulder beetle curls into a ball and begins rolling!
The scorpion closely misses you.
There is an escape hatch in the ceiling here.
The scorpion closely misses you. The boulder beetle hits you!
The boulder beetle stops rolling and uncurls.
The scorpion stings you but does no damage.
The boulder beetle curls into a ball and begins rolling!
The scorpion stings you but does no damage.
The boulder beetle hits you!!
Ouch! That really hurt!
* * * LOW HITPOINT WARNING * * *
The boulder beetle stops rolling and uncurls.
The scorpion barely misses you.
The boulder beetle leaps!
The scorpion barely misses you.
The scorpion stings you but does no damage.
The boulder beetle curls into a ball and begins rolling!
The boulder beetle hits you!!
Ouch! That really hurt!
You die...
Your body crumbles into a pile of gold.

..########.###########.#
#..........######## #.#
#########.........# #.#
#..######)####.##
................#
##..####.#.####..# #..#
#.....##..#
..#..####.s.○°##..#
..........@B..°...#
..............###.#
....####......# .# ..#
#..#.### .# . #..#.# .#
#. #....# .#
..#.###..#### .#
#....)......#
#...#.#..##.#


You could see a boulder beetle (rolling) and a scorpion.

Vanquished Creatures
  Maggie (D:6)
  Eustachio (D:6)
  Menkaure (D:6)
  Duvessa (D:6)
  An ogre (D:4)
  2 phantoms
  A kobold brigand (D:5)
  A scorpion (D:4)
  Dowan (D:6)
  A hound (D:4)
  2 centaur skeletons
  Crazy Yiuf (D:4)
  3 jellies
  An iguana (D:6)
  4 gnolls (D:4)
  A howler monkey skeleton (D:5)
  2 adders
  An adder skeleton (D:5)
  2 worms
  A dart slug (D:2)
  7 orcs
  2 bats
  6 endoplasms
  A giant cockroach (D:1)
  3 hobgoblins
  8 jackals (D:1)
  A quokka (D:3)
  6 ball pythons
  3 frilled lizards
  5 goblins
  10 kobolds
  3 rats
84 creatures vanquished.

Notes
Turn   | Place    | Note
-------+----------+-------------------------------------------
     0 | D:1      | Turgor the Demonspawn Wanderer began the quest for the Orb.
     0 | D:1      | Turgor set off with the following items: a +0 dagger, 8
                  | boomerangs, 23 stones, a +0 robe; and the following spells
                  | available to memorise: Sandblast, Sting, Spider Form, Stone
                  | Arrow, Olgreb's Toxic Radiance
     0 | D:1      | Reached XP level 1. HP: 15/15 MP: 3/3
     2 | D:1      | Learned a level 1 spell: Sandblast
   413 | D:1      | Discovered your monstrous ancestry.
   413 | D:1      | Gained mutation: You have sharp fingernails. [demonic
                  | ancestry]
   413 | D:1      | Reached XP level 2. HP: 21/21 MP: 3/5
   838 | D:1      | Found a faded altar of an unknown god.
  1536 | D:2      | Reached skill level 2 in Earth Magic
  1584 | D:2      | Gained mutation: You have a small tail. [demonic ancestry]
  1584 | D:2      | Reached XP level 3. HP: 26/26 MP: 0/6
  2318 | D:2      | Learned a level 3 spell: Stone Arrow
  3072 | D:4      | Reached XP level 4. HP: 33/33 MP: 7/7
  3205 | D:4      | Noticed an ogre
  3216 | D:4      | Killed an ogre
  3217 | D:4      | Reached skill level 1 in Unarmed Combat
  3217 | D:4      | Reached skill level 3 in Earth Magic
  3217 | D:4      | Gained mutation: You regenerate magic rapidly. [demonic
                  | ancestry]
  3217 | D:4      | Reached XP level 5. HP: 17/38 MP: 0/9
  3923 | D:4      | Gained mutation: You have a pair of small horns on your
                  | head. [demonic ancestry]
  3923 | D:4      | Reached XP level 6. HP: 42/46 MP: 10/10
  4263 | D:4      | Reached skill level 1 in Conjurations
  4456 | D:4      | Found a runed translucent door.
  4457 | D:4      | Noticed Crazy Yiuf
  4464 | D:4      | Killed Crazy Yiuf
  4581 | D:5      | Entered Level 5 of the Dungeon
  4705 | D:5      | Reached skill level 4 in Earth Magic
  4831 | D:5      | Reached XP level 7. HP: 50/52 MP: 7/12
  5099 | D:6      | Noticed a steam dragon
  5099 | D:6      | Noticed a two-headed ogre
  5182 | D:6      | Found a staircase to the Ecumenical Temple.
  5191 | Temple   | Entered the Ecumenical Temple
  5436 | Temple   | Became a worshipper of Gozag Ym Sagoz the Greedy
  5831 | D:6      | Noticed Maggie
  5852 | D:6      | Killed Maggie
  5853 | D:6      | Gained mutation: You have a tail ending in a sharp stinger.
                  | [demonic ancestry]
  5853 | D:6      | Reached XP level 8. HP: 36/58 MP: 1/13
  6091 | D:6      | Noticed Duvessa
  6091 | D:6      | Noticed Dowan
  6100 | D:6      | Killed Duvessa
  6108 | D:6      | Killed Dowan
  6109 | D:6      | Reached skill level 5 in Earth Magic
  6203 | D:6      | Noticed Menkaure
  6207 | D:6      | Killed Menkaure
  6245 | D:6      | Noticed Eustachio
  6261 | D:6      | Killed Eustachio
  6355 | D:6      | Noticed a boulder beetle
  6382 | D:6      | Mangled by a boulder beetle

Illustrated notes

Levels and vault maps discovered:
D:1:      sevenhm_arrival_forest_fort_small_3, layout_loops_ring,
          ebering_ecumenical_altar_rust, serial_bayou_pond_c
D:2:      layout_loops_corners
D:3:      layout_basic, kennysheep_path_1
D:4:      layout_loops_ring, kennysheep_big_empty_room, uniq_crazy_yiuf_cottage
D:5:      layout_rooms
D:6:      layout_loops_ring, old_standard_altar, minmay_temple_entry_poolview,
          grunt_ministairs_12, uniq_duvessa, uniq_eustachio, uniq_menkaure,
          uniq_prince_ribbit1, uniq_maggie
Temple:   mainiacjoe_temple_starburst

Skill      XL: |  1  2  3  4  5  6  7  8 |
---------------+-------------------------+-----
Earth Magic    | 2 3 4 5 |  5.3
Fighting       | 2 3 |  3.9
Unarmed Combat | 1 2 3 4 |  4.2
Spellcasting   | 3 4 |  4.1
Conjurations   | 2 3 4 |  4.1
Throwing       | |  1.7
Armour         | |  1.7
Poison Magic   | |  2.0

Action                   |  1- 3 |  4- 6 |  7- 9 || total
-------------------------+-------+-------+-------++-------
Melee: Dagger            |    59 |     5 |       ||    64
       Tailslap          |     2 |     1 |       ||     3
Throw: Boomerang         |    28 |    29 |     9 ||    66
       Dart              |       |    20 |     9 ||    29
 Cast: Sandblast         |    43 |    52 |    30 ||   125
       Stone Arrow       |       |     1 |     5 ||     6
Evoke: Wand              |       |       |     4 ||     4
  Use: Scroll            |       |       |     3 ||     3
       Potion            |       |       |     1 ||     1
Armor: Robe              |    13 |     3 |       ||    16
       Steam dragon scal |       |       |     3 ||     3
Dodge: Dodged            |    45 |    22 |    13 ||    80

Table legend: (Time is in decaauts)
 A = Elapsed time spent in this place.
 B = Non-inter-level travel time spent in this place.
 C = Inter-level travel time spent in this place.
 D = Time resting spent in this place.
 E = Time spent auto-exploring this place.
 F = Levels seen in this place.
 G = Mean time per level.
                   A        B        C        D        E       F      G
               +--------+--------+--------+--------+--------+-----+--------+
         Total |   6403 |   6095 |    308 |   1007 |   3617 |   7 |  914.7 |
       Dungeon |   5858 |   5587 |    271 |   1007 |   3123 |   6 |  976.3 |
        Temple |    545 |    508 |     37 |      0 |    494 |   1 |  545.0 |
               +--------+--------+--------+--------+--------+-----+--------+

Top non-repeatable levels by time:
     D:4: 1582 daAuts
     D:1: 1535 daAuts
     D:2: 903 daAuts
     D:6: 717 daAuts
     D:3: 630 daAuts
  Temple: 545 daAuts
     D:5: 488 daAuts
